 Dungeon Crawl Stone Soup version 0.28-a0-906-g0406aca7d3 (webtiles) character file.

Game seed: 10652724475537394929

5347 senseless the Ruffian (level 10, -9/94 HPs)
             Began as a Ghoul Fighter on Nov 23, 2021.
             Was a Priest of Ashenzari.
             Mangled by a rust devil (12 damage)
             ... on level 7 of the Dungeon.
             The game lasted 00:27:06 (9313 turns).

senseless the Ruffian (Ghoul Fighter)               Turns: 9313, Time: 00:27:06

Health: -9/94      AC:  1    Str: 24    XL:     10   Next: 65%
Magic:  9/9        EV: 15    Int:  3    God:    Ashenzari [***...]
Gold:   539        SH:  0    Dex:  8    Spells: 9/9 levels left

rFire   . . .      SeeInvis +   j - +6 battleaxe
rCold   + . .      Faith    .   (shield currently unavailable)
rNeg    + + +      Spirit   .   a - +0 scale mail
rPois   ∞          Reflect  .   l - +0 helmet "Ensconced Embarrassment" {Cun, Self} (curse)
rElec   .          Harm     .   s - +0 cloak
rCorr   .          Rampage  .   (no gloves)
Will    +....      Clarity  +   i - +0 pair of boots "Affliction of Ashenzari" {Range, Melee} (curse)
Stlth   ..........              w - amulet of Ouranomancy {RegenMP, Melee, Fort} (curse)
HPRegen 0.00/turn               g - ring "Share My Entitlement" {Will+, Fort, Alch} (curse)
MPRegen 0.36/turn               k - ring "Ordeal of Ashenzari" {EV+4, Melee, Self} (curse)

@: corroded, inhibited regen
A: claws 1, cold resistance 1, negative energy resistance 3, inhibited
regeneration, torment resistance 2
a: Renounce Religion, Shatter the Chains


You were on level 7 of the Dungeon.
You worshipped Ashenzari.
Ashenzari was most pleased with you.
You visited 1 branch of the dungeon, and saw 8 of its levels.

You collected 539 gold pieces.

Inventory:

Hand Weapons
 j - a +6 battleaxe (weapon)
 C - a +5 great sword
Armour
 a - a +0 scale mail (worn)
 b - a +0 buckler
 i - the cursed +0 pair of boots "Affliction of Ashenzari" (worn) {Range, Melee}
   (You found it on level 2 of the Dungeon)

   It has a curse which improves the following skills: Ranged Combat: Slings,
   Bows, Crossbows and Throwing.
   Melee Combat: Short Blades, Long Blades, Axes, Maces & Flails, Polearms,
   Staves and Unarmed Combat.
 l - the cursed +0 helmet "Ensconced Embarrassment" (worn) {Cun, Self}
   (You found it on level 2 of the Dungeon)

   It has a curse which improves the following skills: Cunning: Dodging and
   Stealth.
   Introspection: Fighting and Spellcasting.
 s - a +0 cloak (worn)
 x - +0 steam dragon scales
 y - a +0 pair of boots
Jewellery
 f - a ring of see invisible
 g - the cursed ring "Share My Entitlement" (left claw) {Will+, Fort, Alch}
   (You found it on level 1 of the Dungeon)

   [ring of willpower]

   Will:      It increases your willpower.
   It has a curse which improves the following skills: Fortitude: Armour and
   Shields.
   Alchemy:   Poison Magic and Transmutations.
 k - the cursed ring "Ordeal of Ashenzari" (right claw) {EV+4, Melee, Self}
   (You found it on level 3 of the Dungeon)

   [ring of evasion]

   EV:        It affects your evasion (+4).
   It has a curse which improves the following skills: Melee Combat: Short
   Blades, Long Blades, Axes, Maces & Flails, Polearms, Staves and Unarmed
   Combat.
   Introspection: Fighting and Spellcasting.
 t - a ring of wizardry
 w - the cursed amulet of Ouranomancy (around neck) {RegenMP, Melee, Fort}
   (You found it on level 5 of the Dungeon)

   [amulet of magic regeneration]

   It increases your rate of magic regeneration.
   It has a curse which improves the following skills: Melee Combat: Short
   Blades, Long Blades, Axes, Maces & Flails, Polearms, Staves and Unarmed
   Combat.
   Fortitude: Armour and Shields.
Wands
 h - a wand of flame (11)
 z - a wand of iceblast (14)
Scrolls
 e - 2 scrolls of vulnerability
 m - 3 scrolls of teleportation
 q - a scroll of enchant weapon
 r - a scroll of enchant armour
 v - a scroll of blinking
 B - a scroll of amnesia
Potions
 c - a potion of cancellation
 d - 3 potions of attraction
 n - 4 potions of curing
 o - a potion of haste
 p - a potion of flight
 u - a potion of invisibility
 A - 2 potions of brilliance


   Skills:
 * Level 7.7(10.7) Fighting
 * Level 5.4(9.2) Short Blades
 + Level 1.2(3.5) Axes
 * Level 7.4(10.4) Armour
 + Level 4.0(5.7) Dodging
 - Level 0.1(0.3) Stealth
 - Level 6.1(9.1) Shields
 - Level 7.8(11.8) Unarmed Combat


You had 9 spell levels left.
You didn't know any spells.
Your spell library contained the following spells:

 Spells                   Type           Power      Damage    Failure   Level
 Pain                     Necr           0%         1d4       77%         1
 Slow                     Hex            0%         N/A       77%         1
 Poisonous Vapours        Pois/Air       0%         N/A       87%         2
 Corpse Rot               Necr/Air       0%         N/A       88%         2
 Confusing Touch          Hex            0%         N/A       98%         3
 Vampiric Draining        Necr           0%         2d6       98%         3
 Agony                    Necr           0%         N/A       100%        5
 Excruciating Wounds      Necr           0%         N/A       100%        5


Dungeon Overview and Level Annotations

Branches:
Dungeon (8/15)             Temple (0/1) D:5
   Lair: D:8-11

Altars:
Ashenzari
Dithmenos
Fedhas
Gozag
Hepliaklqana
Kikubaaqudgha
Nemelex Xobeh
Qazlal
Sif Muna
Vehumet
Wu Jian
Xom
Zin
The Shining One

Annotations:
D:3 2 runed translucent doors, TheNamelessOne's ghost, amateur OpAK


Innate Abilities, Weirdness & Mutations

You thrive by killing the living.
You are immune to poison.
You have sharp fingernails.
Your flesh is cold resistant. (rC+)
You are immune to negative energy. (rN+++)
You do not regenerate when monsters are visible.
You are immune to unholy pain and torment.


Message History

You hit the rust devil but do no damage. x2
The orc warrior hits you with a +0 trident!
The orc warrior barely misses you. The rust devil closely misses you.
The rust devil hits you. The rust devil corrodes you!
The orc warrior hits you with a +0 trident.
The orc warrior barely misses you. The rust devil closely misses you.
You are too injured to fight recklessly!
You are too injured to fight recklessly!
Unknown command.
You are too injured to fight recklessly!
You are too injured to fight recklessly!
You hit the orc warrior.
The orc warrior is severely wounded.
You hit the orc warrior. You hit the rust devil. You slash the rust devil!
The rust devil closely misses you.
The orc warrior hits you with a +0 trident!
* * * LOW HITPOINT WARNING * * *
The orc warrior misses you. The rust devil barely misses you.
The rust devil closely misses you.
You barely miss the orc warrior.
The orc warrior is severely wounded.
You hit the rust devil.
You hit the rust devil but do no damage.
You slash the orc warrior! The orc warrior closely misses you.
The orc warrior misses you. The rust devil completely misses you.
The rust devil barely misses you.
The orc warrior hits you with a +0 trident!
* * * LOW HITPOINT WARNING * * *
The orc warrior hits you with a +0 halberd!
* * * LOW HITPOINT WARNING * * *
The rust devil hits you.
* * * LOW HITPOINT WARNING * * *
The rust devil corrodes you!
Unknown command.
You slash the orc warrior!
You kill the orc warrior!
You closely miss the rust devil. You barely miss the rust devil.
You hit the orc warrior. The rust devil completely misses you.
The orc warrior misses you. The rust devil hits you!
You die...

#####...## ##.######## ###
........## ##.####...###.#####
######..###
##.#.........#.#####
###..######...###....###...##
##.#.####..###[###...#.##.##
#.###.....##)#+#)##...###.##
###.#.###..#♣.....♣#...###.###
####..####.##..4....##..###.###
##...#####.#>.@)8...∩#..###....
##.#######.##.4o....##.########
##.#### ##..#♣.....♣#..########
###.## ###.##)#+#)##..........
####.## ###..###[###...########
##...## ###...###.....######..
##.#### #####......##.........#
##.### ##.........(..####.....
##.## ##.#########.>####.####


You could see 2 rust devils and an orc warrior.

Vanquished Creatures
  A two-headed ogre (D:7)
  The ghost of mcbry74 the Spear-Bearer, a novice MfGl (D:5)
  Maurice (D:8)
  Maggie (D:6)
  Grinder (D:3)
  A wraith (D:8)
  Menkaure (D:7)
  2 water moccasins
  3 orc warriors
  3 sky beasts
  2 necrophages
  An ice beast (D:7)
  A centaur (D:6)
  An ogre (D:6)
  2 black bears
  2 phantoms (D:5)
  A kobold brigand (D:4)
  4 bullfrogs
  A wyvern zombie (D:6)
  2 scorpions
  A water moccasin zombie (D:3)
  A water moccasin skeleton (D:6)
  A howler monkey (D:4)
  8 wights
  A centaur zombie (D:6)
  A bullfrog zombie (D:6)
  2 jellies (D:8)
  3 orc priests
  3 hounds
  4 iguanas
  7 orc wizards
  2 centaur skeletons
  A gnoll shaman (D:8)
  A killer bee zombie (D:8)
  A hound skeleton (D:5)
  4 adders
  6 gnolls
  3 white imps (D:6)
  An ufetubus (D:6)
  An adder zombie (D:5)
  A worm (D:3)
  2 dart slugs (D:2)
  23 orcs
  2 endoplasms
  A giant cockroach (D:2)
  14 hobgoblins
  4 jackals (D:5)
  7 kobolds
  4 quokkas (D:1)
  6 ball pythons
  2 bats (D:1)
  3 frilled lizards
  8 goblins
  3 rats
164 creatures vanquished.

Notes
Turn   | Place    | Note
-------+----------+-------------------------------------------
     0 | D:1      | senseless the Ghoul Fighter began the quest for the Orb.
     0 | D:1      | Reached XP level 1. HP: 19/19 MP: 0/0
   200 | D:1      | Reached XP level 2. HP: 20/26 MP: 1/1
   642 | D:1      | Found a faded altar of an unknown god.
   645 | D:1      | Prayed at the altar of an unknown god.
   645 | D:1      | Became a worshipper of Ashenzari the Shackled
   797 | D:1      | Reached XP level 3. HP: 29/31 MP: 2/2
  1785 | D:2      | Reached XP level 4. HP: 33/38 MP: 3/3
  2075 | D:3      | Found a runed translucent door.
  2087 | D:3      | Noticed a bullfrog
  2087 | D:3      | Noticed TheNamelessOne's ghost (amateur OpAK)
  2181 | D:3      | Reached XP level 5. HP: 33/46 MP: 4/4
  2339 | D:3      | Found a runed translucent door.
  2384 | D:3      | Found a shimmering blue altar of Sif Muna.
  2457 | D:3      | Noticed Grinder
  2461 | D:3      | Paralysed by Grinder for 3 turns
  2466 | D:3      | Killed Grinder
  2467 | D:3      | Reached skill level 5 in Unarmed Combat
  2467 | D:3      | Reached XP level 6. HP: 42/52 MP: 5/5
  2556 | D:3      | Reached * piety under Ashenzari
  2843 | D:3      | Identified Sif Muna's Guide on Fire
  2843 | D:3      | Identified Sif Muna's Disquisition on the Frostbite
  2843 | D:3      | Identified Sif Muna's Almanac of Confrontation
  2876 | D:4      | Found a blossoming altar of Fedhas.
  3150 | D:4      | Found a stormy altar of Qazlal.
  3177 | D:4      | Reached XP level 7. HP: 60/61 MP: 6/6
  3224 | D:4      | Reached ** piety under Ashenzari
  3303 | D:4      | Found a sparkling altar of Nemelex Xobeh.
  3434 | D:4      | Found a radiant altar of Vehumet.
  3688 | D:5      | Entered Level 5 of the Dungeon
  3695 | D:5      | Reached skill level 1 in Dodging
  3722 | D:5      | Reached skill level 1 in Short Blades
  3722 | D:5      | Reached skill level 5 in Armour
  3722 | D:5      | Reached XP level 8. HP: 9/70 MP: 7/7
  4274 | D:5      | Found a broken altar of Ashenzari.
  4342 | D:5      | Found an ornate altar of the Wu Jian Council.
  4434 | D:5      | Found a staircase to the Ecumenical Temple.
  4502 | D:5      | Reached skill level 5 in Fighting
  4714 | D:5      | Found an opulent altar of Gozag.
  4745 | D:5      | Found a runed translucent gate.
  4746 | D:5      | Found a runed translucent gate.
  4753 | D:5      | Found a runed translucent gate.
  4755 | D:5      | Noticed mcbry74's ghost (novice MfGl)
  4810 | D:5      | Killed mcbry74's ghost
  4811 | D:5      | Reached XP level 9. HP: 14/80 MP: 8/8
  5272 | D:5      | Reached skill level 5 in Shields
  5780 | D:6      | Reached *** piety under Ashenzari
  5973 | D:6      | Noticed Maggie
  5996 | D:6      | Killed Maggie
  6790 | D:6      | Reached **** piety under Ashenzari
  7235 | D:7      | Noticed a two-headed ogre
  7252 | D:7      | Killed a two-headed ogre
  7253 | D:7      | Reached XP level 10. HP: 30/94 MP: 9/9
  7537 | D:7      | Noticed Menkaure
  7545 | D:7      | Killed Menkaure
  7568 | D:7      | Noticed a rust devil
  7756 | D:7      | Noticed a rust devil
  8235 | D:8      | Reached skill level 5 in Short Blades
  8576 | D:8      | Found a shimmering altar of Xom.
  8700 | D:8      | Noticed Maurice
  8713 | D:8      | Killed Maurice
  8714 | D:8      | Reached skill level 1 in Axes
  8895 | D:8      | Found a shadowy altar of Dithmenos.
  8895 | D:8      | Found a hazy altar of Hepliaklqana.
  8966 | D:8      | Found an ancient bone altar of Kikubaaqudgha.
  9312 | D:7      | HP: 3/94 [rust devil (4)]
  9313 | D:7      | Mangled by a rust devil

Illustrated notes

Levels and vault maps discovered:
D:1:      grunt_arrival_crossed_arrows, layout_basic,
          shapermc_ecumenical_altar_mp_vishouse, minmay_splitting_lines,
          corner_web_ring
D:2:      cheibrodos_greedy_goblins, layout_loops_ring, minmay_tall_x
D:3:      layout_basic, nicolae_sif_muna_little_library, ebering_ghost_sewer_f,
          hangedman_decor_push, uniq_grinder
D:4:      layout_basic, tso_metal_star, nemelex_dance_club_becter,
          mainiacjoe_overflow_concentric_impassable,
          mainiacjoe_overflow_six_doors_small, nicolae_qazlal_eye_of_the_storm
D:5:      layout_rooms, grunt_temple_overflow_gold_and_silver,
          ashenzari_altar_1, lemuel_doored_altar,
          minmay_temple_entry_glassed_door, ebering_ghost_rock_garden
D:6:      minmay_skewed_foursquare, layout_layer_cave, hangedman_decor_opposing,
          amcnicky_mini_pool_small, uniq_maggie
D:7:      cheibrodos_iron_armory, layout_loops_ring, uniq_menkaure
D:8:      layout_loops_ring, xom_butterflies, minitemple, uniq_maurice

Skill      XL: |  1  2  3  4  5  6  7  8  9 10 |
---------------+-------------------------------+-----
Armour         | 3 4 5 6 7 |  7.4
Shields        | 3 4 6 |  6.1
Unarmed Combat | 3 4 5 6 7 |  7.8
Dodging        | 1 2 3 4 |  4.0
Fighting       | 4 5 6 7 |  7.7
Short Blades   | 1 3 4 5 |  5.4
Axes           | 1 |  1.2
Stealth        | |  0.1

Action                   |  1- 3 |  4- 6 |  7- 9 | 10-12 || total
-------------------------+-------+-------+-------+-------++-------
Melee: Unarmed           |   122 |    90 |    38 |       ||   250
       Short sword       |       |       |   401 |    55 ||   456
       Battleaxe         |       |       |       |    77 ||    77
Invok: Curse Item        |       |     2 |     4 |       ||     6
       Shatter the Chain |       |       |       |     1 ||     1
  Use: Scroll            |     1 |       |       |       ||     1
       Potion            |       |     1 |     1 |       ||     2
Armor: Scale mail        |    44 |    24 |   119 |    39 ||   226
Dodge: Dodged            |    42 |    30 |   264 |   122 ||   458
Block: Buckler           |    19 |    10 |    91 |    11 ||   131

Table legend: (Time is in decaauts)
 A = Elapsed time spent in this place.
 B = Non-inter-level travel time spent in this place.
 C = Inter-level travel time spent in this place.
 D = Time resting spent in this place.
 E = Time spent auto-exploring this place.
 F = Levels seen in this place.
 G = Mean time per level.
                   A        B        C        D        E       F      G
               +--------+--------+--------+--------+--------+-----+--------+
         Total |   9283 |   8932 |    351 |    234 |   7349 |   8 | 1160.4 |
       Dungeon |   9283 |   8932 |    351 |    234 |   7349 |   8 | 1160.4 |
               +--------+--------+--------+--------+--------+-----+--------+

Top non-repeatable levels by time:
     D:5: 1713 daAuts
     D:6: 1615 daAuts
     D:8: 1235 daAuts
     D:7: 1047 daAuts
     D:1: 1010 daAuts
     D:3: 1008 daAuts
     D:2: 828 daAuts
     D:4: 824 daAuts
